 Dungeon Crawl Stone Soup version 0.18.1-48-g4cf74bf (webtiles) character file.

184 meme the Magician (level 5, -2/28 HPs)
             Began as a Deep Elf Air Elementalist on July 8, 2016.
             Slain by Jessica (4 damage)
             ... on level 3 of the Dungeon.
             The game lasted 00:27:42 (1579 turns).

meme the Magician (Deep Elf Air Elementalist)       Turns: 1579, Time: 00:27:43

Health: -2/28      AC:  5    Str:  5    XL:     5   Next: 36%
Magic:  2/14       EV: 14    Int: 21    God:    Xom [...*..]
Gold:   87         SH:  0    Dex: 15    Spells: 4 memorised, 3 levels left

rFire  . . .     SeeInvis .     (no weapon)
rCold  . . .     Gourm    .     m - +0 leather armour
rNeg   . . .     Faith    .     (no shield)
rPois  .         Spirit   .     (no helmet)
rElec  .         Dismiss  .     j - +1 cloak (curse)
rCorr  .         Reflect  .     (no gloves)
SustAt .         Harm     .     (no boots)
MR     +....                    (no amulet)
Stlth  ++........               k - +2 ring of evasion
                                e - ring of protection from magic

@: about to teleport, very slightly contaminated, somewhat resistant to hostile
enchantments, unstealthy
A: no striking features
a: Renounce Religion


You were on level 3 of the Dungeon.
You worshipped Xom.
You were a favourite toy of Xom.
You were not hungry.

You visited 1 branch of the dungeon, and saw 3 of its levels.

You collected 87 gold pieces.

Inventory:

Armour
 a - a +0 robe
 j - a cursed +1 cloak (worn)
 m - a +0 leather armour (worn)
Jewellery
 e - a ring of protection from magic (left hand)
 k - a +2 ring of evasion (right hand)
Scrolls
 i - 2 scrolls of identify {unknown}
 o - a scroll of remove curse
 q - a scroll of fear {unknown}
Potions
 d - a potion of berserk rage {unknown}
 f - a potion of heal wounds {unknown}
 g - 3 potions of mutation {unknown}
 h - a potion of brilliance {unknown}
 l - a potion of might {unknown}
Books
 b - a book of Air

   Spells                             Type                      Level
   a - Shock                          Conjuration/Air              1
   b - Swiftness                      Charms/Air                   2
   c - Repel Missiles                 Charms/Air                   2
   d - Static Discharge               Conjuration/Air              3
   e - Lightning Bolt                 Conjuration/Air              5
Comestibles
 c - 2 bread rations
 p - a beef jerky
 r - 3 fruits
 s - 2 chunks of flesh


   Skills:
 + Level 0.7 Fighting
 + Level 2.7 Dodging
 + Level 3.3 Stealth
 + Level 5.0 Spellcasting
 + Level 2.5 Conjurations
 + Level 0.4 Charms
 + Level 4.0 Air Magic


You had 3 spell levels left.
You knew the following spells:

 Your Spells              Type           Power        Failure   Level  Hunger
a - Shock                 Conj/Air       ###.         6%          1    None
b - Swiftness             Chrm/Air       ##......     14%         2    None
c - Static Discharge      Conj/Air       ###.....     14%         3    ##.....
d - Lightning Bolt        Conj/Air       ###.......   95%         5    #####..


Dungeon Overview and Level Annotations

Branches:
Dungeon (3/15)

Altars:
Elyvilon
Xom

Annotations:
D:3 Jessica


Message History

Jessica misses you.
You hit Jessica but do no damage.
Jessica is heavily wounded.
Jessica hits you but does no damage. Jessica misses you.
You hit Jessica but do no damage.
Jessica is heavily wounded.
Jessica misses you.
You hit Jessica.
Jessica is heavily wounded.
Jessica gestures at you while chanting. Pain shoots through your body!
Jessica gestures at you while chanting. Pain shoots through your body!
* * * LOW HITPOINT WARNING * * *
Xom is interested.
A shower of butterflies erupts from you!
Read which item? (? for menu, Esc to quit)
As you read the scroll of teleportation, it crumbles to dust.
You feel strangely unstable. Jessica hits you.
You die...

#.####. .#.. .#..#
#.......... ....... ...#
....# #.######### ...#..8
#.r# #[#.# #.# # #..#
#..# #.#.# #.# # ...##
#..# #...# #.# ###
#..##.) #..# #b..# #.#
###..
#..#..8..#..###..######.#
#...# #
..........†....b....#.#
#.### #
#.####.######.@.###.#.#
#.# # #...# #b@.# #.#.#
#.# # ..... #...# #.#.#
#.# # #.### #...#
#.#.#####.### #.# #b..#
#.#.......... # # ....#
#.###).)..### ##.#.# #.#
#)##### #.#.# #.# #.# #
##.###.#


You could see Jessica.

Vanquished Creatures
  3 orc priests (D:3)
  An orc wizard (D:3)
  3 adders
  A worm (D:3)
  A dart slug (D:1)
  3 giant geckos
  4 orcs (D:3)
  4 giant cockroaches
  3 goblins
  5 hobgoblins
  A kobold (D:2)
  A quokka (D:3)
  A bat (D:1)
  2 giant newts
  A quokka skeleton (D:3)
  2 rats (D:3)
36 creatures vanquished.

Notes
Turn   | Place    | Note
--------------------------------------------------------------
     0 | D:1      | meme the Deep Elf Air Elementalist began the quest for the Orb.
     0 | D:1      | Reached XP level 1. HP: 10/10 MP: 6/6
   209 | D:1      | Reached XP level 2. HP: 7/15 MP: 0/8
   291 | D:1      | Learned a level 2 spell: Swiftness
   452 | D:2      | Found a white marble altar of Elyvilon.
   666 | D:2      | Reached XP level 3. HP: 13/19 MP: 0/9
   932 | D:3      | Learned a level 3 spell: Static Discharge
  1000 | D:3      | Found a shimmering altar of Xom.
  1009 | D:3      | Became a worshipper of Xom of Malevolent Giggling
  1078 | D:3      | Reached skill level 4 in Spellcasting
  1078 | D:3      | Reached XP level 4. HP: 20/24 MP: 3/12
  1121 | D:3      | XOM: potion effect (might)
  1236 | D:3      | XOM: potion effect (berserk rage)
  1237 | D:3      | XOM: polymorph orc -> quokka
  1242 | D:3      | XOM: summons friendly crimson imp
  1252 | D:3      | Reached XP level 5. HP: 28/28 MP: 14/14
  1344 | D:3      | Reached skill level 5 in Spellcasting
  1359 | D:3      | Learned a level 5 spell: Lightning Bolt
  1555 | D:3      | Noticed Jessica
  1578 | D:3      | XOM: butterfly on damage
  1579 | D:3      | Slain by Jessica

Skill      XL: |  1  2  3  4  5 |
---------------+----------------+-----
Stealth        | 3 |  3.3
Spellcasting   | 4 5 |  5.0
Conjurations   | 2 |  2.5
Air Magic      | 4 |  4.0
Fighting       | |  0.7
Dodging        | |  2.7
Charms         | |  0.4

Action                   |  1- 3 |  4- 6 || total
-------------------------+-------+-------++-------
Melee: Unarmed           |    13 |    29 ||    42
 Cast: Shock             |    69 |    28 ||    97
       Swiftness         |     1 |     1 ||     2
       Static Discharge  |       |     2 ||     2
  Use: Scroll            |     4 |     1 ||     5
 Stab: Sleeping          |     1 |       ||     1
  Eat: Chunk             |       |     3 ||     3
Armor: Robe              |     4 |       ||     4
       Leather armour    |       |     4 ||     4
Dodge: Dodged            |    20 |    29 ||    49
